 Dungeon Sprint DCSS version 0.31-a0-1-g4198be8af4 (webtiles) character file.

Game seed: 8643221820444001473

1 rocky1 the Firebug (level 1, 0/10 HPs)
             Began as a Tengu Fire Elementalist on Apr 30, 2023.
             Was an Initiate of Sif Muna.
             Slain by a scorpion (4 damage)
             ... in the Dungeon (Sprint VII: "The Pits").
             The game lasted 00:01:11 (205 turns).

rocky1 the Firebug (Tengu Fire Elementalist)         Turns: 205, Time: 00:01:12

Health: 0/10       AC:  2    Str:  8    XL:     1   Next: 20%
Magic:  3/4        EV: 12    Int: 15    God:    Sif Muna [......]
Gold:   0          SH:  0    Dex: 14    Spells: 3/4 levels left

rFire   . . .        (no weapon)
rCold   . . .        (no shield)
rNeg    . . .        a - +0 robe
rPois   .            (helmet restricted)
rElec   .            (no cloak)
rCorr   .            (no gloves)
SInv    .            (boots unavailable)
Will    .....        (no amulet)
Stlth   ++           (no ring)
HPRegen 0.21/turn    (no ring)
MPRegen 0.09/turn

%: no teleportation
@: no status effects
A: beak, talons 3
a: Renounce Religion


You were in the Dungeon.
You worshipped Sif Muna.
Sif Muna was noncommittal.
You visited 1 branch

Inventory:

Armour
 a - a +0 robe (worn)
Scrolls
 i - 5 scrolls of amnesia
 j - a scroll of summoning
Potions
 b - 3 potions of magic
 e - a potion of haste
 f - 3 potions of berserk rage
 h - 2 potions of invisibility


   Skills:
 - Level 2.3 Dodging
 - Level 2.1 Stealth
 + Level 2.1 Spellcasting
 + Level 1.4 Conjurations
 * Level 3.7 Fire Magic


You had 3 spell levels left.
You knew the following spells:

 Your Spells              Type           Power      Damage    Failure   Level
a - Foxfire               Conj/Fire      36%        2x1d5     8%          1

Your spell library contained the following spells:

 Spells                   Type           Power      Damage    Failure   Level
 Scorch                   Fire           24%        2d6       7%          2
 Inner Flame              Hex/Fire       7%         N/A       30%         3
 Volatile Blastmotes      Fire/Tloc      14%        2d11      30%         3
 Flame Wave               Conj/Fire      9%         2d6       58%         4


Dungeon Overview and Level Annotations

Branches:
Dungeon (1/1)

Altars:
Ashenzari
Cheibriados
Dithmenos
Elyvilon
Fedhas
Gozag
Hepliaklqana
Kikubaaqudgha
Makhleb
Nemelex Xobeh
Okawaru
Qazlal
Ru
Sif Muna
Trog
Uskayaw
Vehumet
Wu Jian
Xom
Yredelemnul
Zin
The Shining One
Jiyva
Lugonu


Innate Abilities, Weirdness & Mutations

You have a beak for a mouth.
You have claws for feet.


Message History

The scorpion stings you.
Ouch! That really hurt!
You are lethally poisoned!
The scorpion poisons you!
Casting: Foxfire (safe; 8% risk of failure)
Confirm with . or Enter, or press ? or * to list all spells.
You conjure some foxfire!
* * * LOW HITPOINT WARNING * * *
You feel very sick.
The foxfire hits the scorpion but does no damage.
The scorpion is severely wounded.
The foxfire hits the scorpion but does no damage.
The scorpion is severely wounded.
The scorpion closely misses you.
You feel better.
The foxfire hits the scorpion but does no damage.
The scorpion is severely wounded.
The foxfire hits the scorpion.
The scorpion is almost dead.
The scorpion stings you.
Ouch! That really hurt!
You feel much better. The scorpion stings you. The scorpion barely misses you.
Unknown command.
Magic courses through your body. The scorpion misses you.
Casting: Foxfire (safe; 8% risk of failure)
Confirm with . or Enter, or press ? or * to list all spells.
You conjure some foxfire!
The scorpion stings you.
You barely miss the scorpion.
The scorpion is almost dead.
The foxfire hits the scorpion but does no damage.
The scorpion is almost dead.
The foxfire hits the scorpion but does no damage.
The scorpion is almost dead.
The scorpion stings you.
Ouch! That really hurt!
* * * LOW HITPOINT WARNING * * *
Casting: Foxfire (safe; 8% risk of failure)
Confirm with . or Enter, or press ? or * to list all spells.
You conjure some foxfire!
The scorpion closely misses you. The scorpion attacks as you move away!
The scorpion stings you.
You die...

########### _________.#
_________.#
_______...###########++
##########'##...........
#.?(.')))'.##......#..#.
##########.##v..........
#...........'s@.........
#+#####'#####v.....#..#.
..J #........... #...#
####'#####++ #####
#.......# #.......#
#.......# #...<...#
#.......#


You could see a scorpion (ally target).

Vanquished Creatures
  An endoplasm (D)
1 creature vanquished.

Vanquished Creatures (others)
  19 foxfires (D)
19 creatures vanquished.

Grand Total: 20 creatures vanquished

Notes
Turn   | Place    | Note
-------+----------+-------------------------------------------
     0 | D        | rocky1 the Tengu Fire Elementalist began the quest for the
                  | Orb.
     0 | D        | Reached XP level 1. HP: 10/10 MP: 4/4
   151 | D        | Found a bloodstained altar of Trog.
   151 | D        | Found a shimmering blue altar of Sif Muna.
   151 | D        | Found a viscous altar of Jiyva.
   151 | D        | Found a hazy altar of Hepliaklqana.
   151 | D        | Found an opulent altar of Gozag.
   152 | D        | Found a glowing golden altar of the Shining One.
   152 | D        | Found a glowing silver altar of Zin.
   152 | D        | Found a basalt altar of Yredelemnul.
   152 | D        | Found a shimmering altar of Xom.
   152 | D        | Found an ornate altar of the Wu Jian Council.
   152 | D        | Found a sacrificial altar of Ru.
   152 | D        | Found a stormy altar of Qazlal.
   152 | D        | Found an iron altar of Okawaru.
   152 | D        | Found a sparkling altar of Nemelex Xobeh.
   152 | D        | Found a burning altar of Makhleb.
   152 | D        | Found a blossoming altar of Fedhas.
   152 | D        | Found a white marble altar of Elyvilon.
   152 | D        | Found a shadowy altar of Dithmenos.
   152 | D        | Found a snail-covered altar of Cheibriados.
   155 | D        | Found a corrupted altar of Lugonu.
   155 | D        | Found a radiant altar of Vehumet.
   156 | D        | Found an ancient bone altar of Kikubaaqudgha.
   156 | D        | Found a hide-covered altar of Uskayaw.
   156 | D        | Found a broken altar of Ashenzari.
   157 | D        | Became a worshipper of Sif Muna the Loreminder
   188 | D        | Noticed a scorpion
   205 | D        | Slain by a scorpion

Illustrated notes

Levels and vault maps discovered:
D:        pitsprint [storerooms_1, entrance_room_1, metal_vault_1, armoury_1,
          mini_pit_1, grid_room_1, main_hall_1, silver_pit, the_coven_3,
          the_vestibule_1, steel_vault_4, golden_pit, hallway_of_sentries,
          crystal_vault_1, iron_vault_2, final_vault]

Action                     || total
---------------------------++-------
  Melee: Unarmed           ||     1
   Cast: Foxfire           ||    12
    Use: Potion            ||     4
         Scroll            ||     1
  Dodge: Dodged            ||     4

Table legend: (Time is in decaauts)
 A = Elapsed time spent in this place.
 B = Non-inter-level travel time spent in this place.
 C = Inter-level travel time spent in this place.
 D = Time resting spent in this place.
 E = Time spent auto-exploring this place.
 F = Levels seen in this place.
 G = Mean time per level.
                   A        B        C        D        E       F      G
               +--------+--------+--------+--------+--------+-----+--------+
         Total |    205 |    205 |      0 |    127 |      0 |   1 |  205.0 |
       Dungeon |    205 |    205 |      0 |    127 |      0 |   1 |  205.0 |
               +--------+--------+--------+--------+--------+-----+--------+

Top non-repeatable levels by time:
       D: 205 daAuts
